Map: Reclamation LE

Players

Ekelpack

  • Race: Zerg Zerg
  • Spawn Location: 12:00

Nyck

  • Race: Terran Terran
  • Spawn Location: 11:00

Siegfried

  • Race: Zerg Zerg
  • League: Gold
  • Spawn Location: 6:00

Ulfast

  • Race: Terran Terran
  • League: Master
  • Spawn Location: 5:00

VOD

Have the link to the VOD?

Description

Time

  • Played on: March 26, 2025, 3:21 p.m.
  • Length: 7:35
Show
View Real Time Build Order
Export as new Build Order

Ekelpack Zerg 

Build Orders: Hatch First 

Get SALT Encoding   

  12  0:00  Drone  
  13  0:12  Overlord  
  13  0:17  Drone  
  14  0:30  Drone x2  
  14  0:35  Drone  
  17  0:51  Hatchery  
  17  0:55  Drone  
  17  0:58  Extractor  
  16  1:10  Spawning Pool  
  15  1:13  Drone  
  15  1:17  Drone  
  17  1:24  Drone  
  18  1:28  Drone  
  19  1:40  Drone  
  20  1:56  Queen  
  22  2:04  Queen  
  22  2:05  Drone  
  26  2:08  Drone  
  26  2:12  Overlord  
  26  2:14  Drone  
  27  2:18  Drone  
  28  2:30  Drone x2  
  28  2:34  Lair  
  28  2:36  Extractor  
  29  2:50  Drone  
  29  2:51  Spine Crawler, Drone  
  31  2:53  Drone x2  
  32  3:01  Drone  
  32  3:05  Metabolic Boost  
  33  3:06  Zergling x2  
  33  3:07  Zergling x4  
  33  3:09  Extractor  
  35  3:13  Drone  
  35  3:19  Overlord  
  36  3:34  Overlord  
  38  3:42  Spire  
  37  3:49  Zergling x10  
  34  4:17  Zergling x8  
  32  4:49  Zergling x6  
  35  5:05  Zergling x4, Mutalisk  
  38  5:13  Mutalisk x2  
  40  5:23  Mutalisk  
  36  5:50  Mutalisk  
  36  5:51  Zergling x2  
  37  5:58  Mutalisk  
  37  5:59  Zergling x6  
  42  6:22  Queen  
  42  6:25  Hatchery, Mutalisk  
  44  6:26  Zergling x2  
  46  6:51  Overlord  
  46  7:08  Overlord  
  46  7:09  Mutalisk x3  
  46  7:11  Zergling x4  
Show
View Real Time Build Order
Export as new Build Order

Nyck Terran 

Build Orders:  

Get SALT Encoding   

  12  0:00  SCV  
  13  0:12  SCV  
  14  0:17  Supply Depot  
  14  0:24  SCV  
  15  0:39  SCV  
  15  0:40  Barracks  
  16  0:46  Refinery  
  16  0:51  SCV  
  17  1:01  Barracks  
  17  1:03  SCV  
  18  1:15  SCV  
  19  1:29  Supply Depot  
  19  1:30  Reaper  
  19  1:31  Orbital Command  
  20  1:51  Barracks Tech Lab  
  20  1:56  Refinery  
  20  1:58  SCV  
  21  2:03  Barracks Reactor  
  21  2:10  Marine  
  22  2:25  SCV  
  22  2:27  Command Center  
  23  2:43  SCV  
  24  2:48  Marine x2  
  24  2:49  Marine  
  24  2:50  Combat Shield  
  27  2:56  Supply Depot  
  27  2:59  Barracks  
  27  3:02  Barracks  
  27  3:04  SCV  
  28  3:07  Marine  
  28  3:08  Marine  
  28  3:09  Marine  
  31  3:22  SCV  
  31  3:28  Marine x3  
  33  3:48  Marine x2  
  35  3:55  Marine  
  35  3:56  Marine  
  35  3:57  Marauder  
  39  4:07  Marine x2  
  41  4:13  Marine  
  41  4:14  Marine  
  43  4:18  Marine  
  40  4:31  Marine x2  
  31  4:32  Marine  
  31  4:33  Marine  
  31  4:36  Marauder  
  31  4:38  SCV  
  34  4:48  Marine  
  34  4:49  Marine  
  34  4:50  Marine x2  
  35  4:57  Marine  
  34  5:06  Marine  
  29  5:07  Marine  
  29  5:08  Marine x2  
  27  5:15  Marine  
  24  5:24  Marine x2  
  24  5:25  Marine  
  24  5:26  Marine  
  17  5:33  Marauder  
  15  5:42  Marine x2  
  16  5:49  Marine  
  17  5:50  Marine  
  17  5:55  Marauder  
  17  6:41  Marine x3  
  17  6:42  Marine  
  17  6:58  Marauder  
  17  6:59  Marine x2  
  21  7:07  Marine  
  21  7:08  Marine  
Show
View Real Time Build Order
Export as new Build Order

Siegfried Zerg 

Build Orders: Pool First 

Get SALT Encoding   

  12  0:14  Drone  
  13  0:24  Spawning Pool  
  13  0:27  Drone  
  13  0:32  Drone  
  14  0:39  Extractor  
  13  0:45  Overlord  
  13  0:50  Drone  
  14  1:07  Drone x2  
  16  1:24  Hatchery  
  15  1:29  Drone x2  
  17  1:38  Overlord  
  17  1:46  Overlord  
  17  1:54  Metabolic Boost  
  17  2:02  Drone  
  18  2:11  Queen  
  20  2:19  Zergling x4  
  22  2:27  Zergling x2  
  23  2:37  Zergling x2  
  24  2:45  Zergling x2  
  24  2:50  Spine Crawler  
  24  2:53  Spine Crawler  
  24  2:55  Spine Crawler  
  22  3:05  Drone x3  
  24  3:09  Drone  
  26  3:23  Spine Crawler  
  25  3:27  Spine Crawler  
  25  3:29  Drone  
  25  3:32  Drone  
  26  3:39  Drone x2  
  28  3:43  Drone  
  28  3:47  Drone  
  27  3:59  Zergling x4  
  27  4:01  Zergling x2  
  27  4:02  Zergling x2  
  30  4:03  Drone  
  31  4:14  Zergling x8  
  31  4:16  Zergling x2  
  36  4:28  Zergling x4  
  37  4:33  Zergling x2  
  38  4:40  Zergling x4  
  38  4:43  Zergling x2  
  38  4:44  Zergling x2  
  40  5:05  Zergling x6  
  41  5:13  Zergling x4  
  36  5:25  Zergling x2  
  36  5:26  Zergling x2  
  36  5:28  Queen  
  40  5:43  Lair  
  40  5:46  Drone x3  
  40  5:48  Spore Crawler, Extractor  
  38  5:50  Spore Crawler  
  38  5:51  Spore Crawler  
  38  5:52  Drone  
  38  5:53  Drone  
  38  5:55  Hatchery  
  34  5:57  Spore Crawler  
  34  5:59  Spore Crawler  
  26  6:20  Drone x3  
  26  6:23  Drone x2  
  26  6:24  Drone x2  
  33  6:31  Drone  
  34  6:34  Drone  
  34  6:36  Drone  
  36  6:40  Extractor  
  36  6:45  Spore Crawler  
  34  6:54  Spore Crawler  
  33  6:55  Drone x3  
  33  6:59  Zergling x2  
  37  7:11  Drone  
  37  7:12  Drone x6  
  37  7:13  Drone  
  45  7:23  Spire  
  45  7:25  Spore Crawler  
  45  7:28  Extractor  
  45  7:34  Spore Crawler  
Show
View Real Time Build Order
Export as new Build Order

Ulfast Terran 

Build Orders:  

Get SALT Encoding   

  12  0:00  SCV  
  13  0:12  SCV  
  14  0:17  Supply Depot  
  14  0:24  SCV  
  15  0:38  SCV  
  16  0:50  Refinery  
  16  0:51  SCV  
  17  0:57  Barracks  
  17  1:05  Barracks  
  17  1:08  SCV  
  18  1:20  SCV  
  19  1:27  Supply Depot  
  19  1:30  Refinery  
  19  1:32  SCV  
  20  1:45  SCV  
  21  1:47  Marine  
  21  1:54  Factory  
  22  1:59  Marine  
  23  2:09  Orbital Command  
  23  2:12  Marine  
  24  2:20  Supply Depot  
  24  2:24  Marine  
  25  2:33  Marine  
  26  2:44  Marine, Factory Tech Lab  
  27  2:48  SCV  
  28  2:53  Supply Depot  
  28  2:57  Marine  
  29  3:01  Marine  
  29  3:03  Siege Tank  
  33  3:13  Bunker  
  33  3:17  Marine  
  33  3:19  Marine  
  35  3:34  Marine  
  35  3:36  Siege Tank  
  35  3:37  Marine  
  40  3:52  Marine  
  40  3:55  Marine  
  42  4:08  Siege Tank  
  45  4:10  Marine  
  45  4:12  Bunker  
  45  4:13  Marine  
  46  4:28  Marine  
  46  4:30  Marine  
  39  4:40  Siege Tank  
  41  4:46  Marine  
  41  4:48  Marine  
  43  5:03  Marine  
  43  5:06  Marine  
  39  5:12  Siege Tank  
  41  5:21  Marine  
  41  5:24  Marine  
  43  5:39  Marine  
  43  5:42  Marine  
  38  5:52  Siege Tank  
  41  5:57  Marine  
  41  5:59  Marine  
  43  6:15  Marine  
  43  6:17  Marine, Engineering Bay  
  45  6:26  Siege Tank  
  47  6:35  Marine  
  47  6:37  Marine  
  45  6:51  Engineering Bay  
  45  6:53  Marine  
  45  6:54  Missile Turret  
  46  6:55  Marine  
  46  6:56  Missile Turret  
  46  6:57  Missile Turret  
  46  6:59  Supply Depot  
  47  7:04  Supply Depot  
Tags
 
Add a new tag
Caveats
  • Supply blocks, unpowered buildings, or Contaminate may cause inaccurate times.
  • Supply counts are checked every 10 seconds.